 Dungeon Crawl Stone Soup version 0.27-a0-681-g0c81a3c1c3 (webtiles) character file.

Game seed: 11076873768257501460

28 rjrrt the Chopper (level 3, 27/29 HPs)
             Began as a Demonspawn Berserker on Mar 20, 2021.
             Was a Follower of Trog.
             Quit the game on level 3 of the Dungeon.
             The game lasted 00:02:12 (1991 turns).

rjrrt the Chopper (Demonspawn Berserker)            Turns: 1991, Time: 00:02:13

Health: 27/29      AC:  8    Str: 18    XL:     3   Next: 0%
Magic:  3/3        EV:  6    Int:  8    God:    Trog [*.....]
Gold:   104        SH:  3    Dex: 12    Spells: 2/2 levels left

rFire    + . .     SeeInvis .   a - +0 hand axe
rCold    . . .     Faith    .   c - +0 buckler
rNeg     . . .     Spirit   .   n - +0 chain mail {rF+}
rPois    .         Reflect  .   (no helmet)
rElec    .         Harm     .   (no cloak)
rCorr    .         Rampage  .   (no gloves)
Will     .....                  (no boots)
Stlth    ..........             (no amulet)
HPRegen  0.09/turn              (no ring)
MPRegen  0.08/turn              (no ring)

@: no status effects
A: talons 1, demonic magic 1
a: Renounce Religion, Berserk


You were on level 3 of the Dungeon.
You worshipped Trog.
Trog was aware of your devotion.
You visited 1 branch of the dungeon, and saw 3 of its levels.

You collected 104 gold pieces.

Inventory:

Hand Weapons
 a - a +0 hand axe (weapon)
 m - a +0 trident
Missiles
 i - 5 poisoned darts (quivered)
Armour
 c - a +0 buckler (worn)
 n - a +0 chain mail of fire resistance (worn)
Wands
 o - a wand of acid (5)
Scrolls
 d - a scroll of identify {unknown}
 f - 3 scrolls of enchant armour {unknown}
 h - a scroll of fog {unknown}
 j - a scroll of random uselessness {unknown}
 k - a scroll of brand weapon {unknown}
Potions
 b - a potion of attraction {unknown}
 e - 2 potions of curing {unknown}
 g - 2 potions of degeneration {unknown}
 l - a potion of invisibility {unknown}


   Skills:
 - Level 3.0 Fighting
 + Level 3.8 Axes
 - Level 1.7 Armour
 - Level 1.7 Dodging


You had 2 spell levels left.
You didn't know any spells.
Your spell library was empty.

Dungeon Overview and Level Annotations

Branches:
Dungeon (3/15)

Altars:
Nemelex Xobeh


Innate Abilities, Weirdness & Mutations

You have sharp toenails.
Spells you cast may paralyse adjacent enemies.


Message History

You claw the worm, but do no damage.
The worm is moderately wounded.
The worm bites you.
You hit the worm. You claw the worm.
The worm is severely wounded.
The worm completely misses you.
Your shield and chain mail prevent you from hitting the worm.
The worm is severely wounded.
You hit the worm but do no damage. You claw the worm, but do no damage.
The worm is severely wounded.
The worm bites you but does no damage.
You hit the worm.
The worm is almost dead.
The worm bites you!
You hit the worm.
You kill the worm!
Trog accepts your kill.
No target in view!
You now have 104 gold pieces (gained 12).
There is a stone staircase leading up here.
You open the door.
There is an open door here.
Found 18 stones.
You see here 18 stones.
o - a wand of acid (5)
You see here a +0 leather armour.
A bat comes into view.
The bat hits you.
A bat is nearby!
You closely miss the bat. Your kick misses the bat. The bat hits you.
The bat hits you but does no damage. x2
You hit the bat.
You kill the bat!
Trog accepts your kill.
You have reached level 3!
Your experience leads to an increase in your attributes!
Increase (S)trength, (I)ntelligence, or (D)exterity?
You feel stronger.
Your demonic ancestry asserts itself...
A menacing aura infuses your magic.
Are you sure you want to abandon this character and quit the game? (Confirm with "yes".)

#.#######........# #.#
......###.....##.# #.#
#.###..........#.#######.#
#.# #####...##...........#
#.# #.....)..#########
#.#######.#.######
#.........#.# #####
###########.####†..#
#.....@..# #..####..# #..#
..# #### .... ..P..
......P #####+#


There were no monsters in sight!

Vanquished Creatures
  An adder (D:3)
  A worm (D:3)
  A leopard gecko (D:2)
  4 bats
  A goblin (D:3)
  2 hobgoblins
  2 frilled lizards (D:2)
  5 rats
17 creatures vanquished.

Notes
Turn   | Place    | Note
-------+----------+-------------------------------------------
     0 | D:1      | rjrrt the Demonspawn Berserker began the quest for the Orb.
     0 | D:1      | Reached XP level 1. HP: 18/18 MP: 1/1
   956 | D:2      | Found a sparkling altar of Nemelex Xobeh.
  1079 | D:2      | Gained mutation: You have sharp toenails. [demonic
                  | ancestry]
  1079 | D:2      | Reached XP level 2. HP: 17/24 MP: 2/2
  1991 | D:3      | Gained mutation: Spells you cast may paralyse adjacent
                  | enemies. [demonic ancestry]
  1991 | D:3      | Reached XP level 3. HP: 27/29 MP: 3/3
  1991 | D:3      | Quit the game

Illustrated notes

Levels and vault maps discovered:
D:1:      minmay_arrival_nine_rooms, layout_loops_ring, serial_bayou_lagoon_b
D:2:      layout_basic, nemelex_xobeh_ov_fountains_minmay
D:3:      layout_loops_corners, chequers_ecumenical_altar_lobes, minmay_circle_x

Skill      XL: |  1 |
---------------+----+-----
Axes           | 3 |  3.8
Fighting       | |  3.0
Armour         | |  1.7
Dodging        | |  1.7

Action                   || total
-------------------------++-------
Melee: Hand axe          ||    62
       Kick              ||    10
Invok: Berserk           ||     1
Armor: Ring mail         ||     5
       Leather armour    ||     2
       Chain mail        ||    20
Dodge: Dodged            ||    37
Block: Buckler           ||     6

Table legend: (Time is in decaauts)
 A = Elapsed time spent in this place.
 B = Non-inter-level travel time spent in this place.
 C = Inter-level travel time spent in this place.
 D = Time resting spent in this place.
 E = Time spent auto-exploring this place.
 F = Levels seen in this place.
 G = Mean time per level.
                   A        B        C        D        E       F      G
               +--------+--------+--------+--------+--------+-----+--------+
         Total |   2024 |   1971 |     53 |    156 |   1582 |   3 |  674.7 |
       Dungeon |   2024 |   1971 |     53 |    156 |   1582 |   3 |  674.7 |
               +--------+--------+--------+--------+--------+-----+--------+

Top non-repeatable levels by time:
     D:2: 951 daAuts
     D:1: 683 daAuts
     D:3: 389 daAuts
